 Dungeon Crawl Stone Soup version 0.21.1-1-g345015fe64 (webtiles) character file.

91 DildoBatman the Sneak (level 4, -4/35 HPs)
             Began as a Formicid Enchanter on Mar 19, 2018.
             Slain by an orc priest
             ... wielding a +4 trident
              (6 damage)
             ... on level 3 of the Dungeon.
             The game lasted 00:06:26 (2668 turns).

DildoBatman the Sneak (Formicid Enchanter)          Turns: 2668, Time: 00:06:27

Health: -4/35      AC:  8    Str: 14    XL:     4   Next: 87%
Magic:  1/7        EV: 11    Int: 14    God:
Gold:   127        SH:  0    Dex: 11    Spells: 3/7 levels left

rFire    . . .     SeeInvis +   a - +0 mace
rCold    . . .     Gourm    .   (no shield)
rNeg     . . .     Faith    .   i - +0 ring mail
rPois    .         Spirit   .   (helmet unavailable)
rElec    .         Reflect  .   (no cloak)
rCorr    .         Harm     .   s - +2 pair of gloves
MR       .....                  (no boots)
Stlth    ++........             (no amulet)
HPRegen  0.11/turn              (no ring)
MPRegen  0.10/turn              (no ring)

@: very slightly contaminated
A: permanent stasis, dig shafts and tunnels, four strong arms, antennae 3
a: Dig, Shaft Self


You were on level 3 of the Dungeon.
You were not hungry.

You visited 1 branch of the dungeon, and saw 3 of its levels.

You collected 127 gold pieces.

Inventory:

Hand Weapons
 a - a +0 mace (weapon)
 b - a +0 hunting sling
 d - a cursed -2 short sword
 g - a +2 short sword of speed
 r - a +1 dagger
Missiles
 j - 65 stones (quivered)
 k - 74 arrows
 l - 13 sling bullets
 p - 12 poisoned needles
 q - 52 bolts
Armour
 i - a +0 ring mail (worn)
 s - a +2 pair of gloves (worn)
 w - a +0 shield
 A - a +0 buckler
Magical Staves
 t - an uncursed staff of poison {unknown}
Wands
 y - a wand of paralysis (15)
Scrolls
 e - a scroll of enchant armour {unknown}
 f - a scroll of remove curse {unknown}
 o - a scroll of identify {unknown}
 u - a scroll of teleportation {unknown}
 x - a scroll of fog {unknown}
Potions
 h - 2 potions of flight
 m - a potion of heal wounds {unknown}
 n - a potion of haste {unknown}
Books
 c - a book of Maledictions

   Spells                             Type                      Level
   a - Corona                         Hexes                        1
   b - Ensorcelled Hibernation        Hexes/Ice                    2
   c - Confuse                        Hexes                        3
   d - Tukima's Dance                 Hexes                        3
   e - Dazzling Spray                 Conjuration/Hexes            3
Comestibles
 v - 2 rations
 z - 7 chunks of flesh


   Skills:
 - Level 3.0 Fighting
 - Level 1.0 Short Blades
 * Level 2.3 Armour
 - Level 2.0 Dodging
 - Level 4.0 Stealth
 * Level 0.2 Shields
 - Level 2.1 Spellcasting
 - Level 3.6 Hexes


You had 3 spell levels left.
You knew the following spells:

 Your Spells              Type           Power        Failure   Level  Hunger
a - Corona                Hex            ##.....      11%         1    #......
b - Confuse               Hex            ##......     30%         3    ###....


Dungeon Overview and Level Annotations

Branches:
Dungeon (3/15)

Altars:


Innate Abilities, Weirdness & Mutations

You cannot be hasted, slowed, berserked, paralysed or teleported.
You can dig through walls and to a lower floor.
Your four strong arms can wield two-handed weapons with a shield.
You have a pair of large antennae on your head. (SInv)


Message History

The orc priest mumbles some strange prayers to Beogh against you.
Beogh smites you!
The orc priest mumbles some strange prayers to Beogh against you.
Beogh smites you!
There is an open door here.
You hit the orc priest.
The orc priest is lightly wounded.
The orc priest hits you but does no damage.
The orc priest closely misses you.
You barely miss the orc priest.
The orc priest is lightly wounded.
The orc priest hits you with an enchanted trident.
You hit the orc priest.
The orc priest is moderately wounded.
The orc priest misses you.
You sock the orc priest!
The orc priest is severely wounded.
The orc priest barely misses you.
The orc priest hits you with an enchanted trident.
You die...

#o# ##'#######
####........#
#...........#
#...........#
#.....#######
#####.##### #
#....o# .##.
#######@####....
#.............#.
#...............
#................
#................
########.........
#........
######........
#....#....#########


You could see an orc priest.

Vanquished Creatures
  An adder (D:1)
  An ooze (D:1)
  A worm (D:2)
  2 dart slugs
  2 leopard geckos (D:3)
  2 orcs (D:3)
  A ball python (D:2)
  5 giant cockroaches
  5 goblins
  7 hobgoblins
  11 jackals
  6 kobolds (D:1)
  9 bats
  A frilled lizard (D:1)
  6 rats
60 creatures vanquished.

Notes
Turn   | Place    | Note
-------+----------+-------------------------------------------
     0 | D:1      | DildoBatman the Formicid Enchanter began the quest for the Orb.
     0 | D:1      | Reached XP level 1. HP: 13/13 MP: 3/3
   339 | D:1      | Reached skill level 1 in Fighting
   381 | D:1      | Reached XP level 2. HP: 18/21 MP: 5/5
   697 | D:1      | Reached XP level 3. HP: 25/28 MP: 6/6
   702 | D:1      | Learned a level 3 spell: Confuse
  1719 | D:2      | Reached XP level 4. HP: 30/35 MP: 5/7
  1754 | D:1      | Reached skill level 1 in Armour
  1754 | D:1      | Reached skill level 4 in Stealth
  2482 | D:3      | Found a faded altar of an unknown god.
  2666 | D:3      | HP: 1/35 [orc priest/enchanted trident (4)]
  2668 | D:3      | Slain by an orc priest

Skill      XL: |  1  2  3  4 |
---------------+-------------+-----
Fighting       | 1 2 3 |  3.0
Dodging        | 2 |  2.0
Armour         | 2 |  2.3
Stealth        | 4 |  4.0
Short Blades   | |  1.0
Shields        | |  0.2
Spellcasting   | |  2.1
Hexes          | |  3.6

Action                   |  1- 3 |  4- 6 || total
-------------------------+-------+-------++-------
Melee: Dagger            |    24 |       ||    24
       Mace              |   125 |    81 ||   206
 Fire: Hunting sling     |       |    24 ||    24
 Cast: Corona            |    25 |    14 ||    39
       Confuse           |       |     2 ||     2
 Abil: Dig               |       |     1 ||     1
  Use: Potion            |       |     2 ||     2
 Stab: Sleeping          |     2 |       ||     2
  Eat: Chunk             |     3 |     4 ||     7
Armor: Robe              |    14 |       ||    14
       Ring mail         |    52 |    65 ||   117
Dodge: Dodged            |   126 |    93 ||   219
